 Dungeon Crawl Stone Soup version 0.29-a0-23-ga79f92ac9c (webtiles) character file.

Game seed: 17894509598673614822

50 HallandMoats the Skirmisher (level 3, 29/29 HPs)
             Began as a Demonspawn Fighter on Jan 30, 2022.
             Was a Follower of Nemelex Xobeh.
             Got out of the dungeon alive.
             The game lasted 00:01:42 (1933 turns).

HallandMoats the Skirmisher (Demonspawn Fighter)    Turns: 1933, Time: 00:01:42

Health: 29/29      AC:  6    Str: 18    XL:     3   Next: 55%
Magic:  4/4        EV:  9    Int: 11    God:    Nemelex Xobeh [*.....]
Gold:   69         SH:  4    Dex: 12    Spells: 2/2 levels left

rFire   . . .      SeeInvis .   a - +1 war axe
rCold   . . .      Faith    .   c - +0 buckler
rNeg    . . .      Spirit   .   b - +0 scale mail
rPois   .          Reflect  .   (no helmet)
rElec   .          Harm     .   (no cloak)
rCorr   .          Rampage  .   (no gloves)
Will    .....                   (no boots)
Stlth   ..........              (no amulet)
HPRegen 0.09/turn               (no ring)
MPRegen 0.09/turn               (no ring)

@: no status effects
A: weakness stinger 1, clever 1
a: Renounce Religion, Draw Escape, Draw Destruction, Draw Summoning


You escaped.
You worshipped Nemelex Xobeh.
Nemelex Xobeh was aware of your devotion.
You visited 1 branch of the dungeon, and saw 2 of its levels.

You collected 69 gold pieces.

Inventory:

Hand Weapons
 a - a +1 war axe (weapon)
Armour
 b - a +0 scale mail (worn)
 c - a +0 buckler (worn)
Scrolls
 e - a scroll of immolation {unknown}
 f - 4 scrolls of identify {unknown}
Potions
 d - a potion of might


   Skills:
 * Level 3.4 Fighting
 * Level 2.3 Axes
 + Level 2.8 Armour
 + Level 0.5 Dodging
 + Level 2.8 Shields
 * Level 1.9 Invocations


You had 2 spell levels left.
You didn't know any spells.
Your spell library contained the following spells:

 Spells                   Type           Power      Damage    Failure   Level
 Airstrike                Air            0%         N/A       100%        4
 Summon Lightning Spire   Summ/Air       0%         N/A       100%        4
 Lightning Bolt           Conj/Air       0%         1d11      100%        5


Dungeon Overview and Level Annotations

Branches:
Dungeon (2/15)

Altars:
Nemelex Xobeh


Innate Abilities, Weirdness & Mutations

You have a small tail.
Your mind is acute. (Int +2)


Message History

A hobgoblin is nearby!
A hobgoblin is nearby!
A hobgoblin is nearby!
A hobgoblin is nearby!
There is an open door here.
The hobgoblin barely misses you.
You hit the hobgoblin.
You kill the hobgoblin!
No target in view!
No target in view!
No target in view!
No target in view!
No target in view!
No target in view!
No target in view!
No target in view!
No target in view!
No target in view!
No target in view!
There is a faded altar of an unknown god here.
You cannot tell which god this altar belongs to.
Convert to them anyway?
Nemelex Xobeh accepts your prayer! Nemelex Xobeh welcomes you!
You can now draw from decks of power.
Nemelex will now gift you decks of power as you gain piety.
(D) Dungeon
Where to? (Enter - D:2, ? - help)
What level of the Dungeon? (default 1, ? - help)
There is an open door here.
There is a stone staircase leading up here.
You climb upwards.
There is a stone staircase leading down here.
Things that are here:
3 stones; a +0 dagger You enter the shallow water.
Moving in this stuff is going to be slow.
There is an open door here.
There is a staircase leading out of the dungeon here.
Are you sure you want to leave the Dungeon?
This will make you lose the game!
You have escaped!

########## ≈≈≈≈≈≈≈≈.#
##≈≈≈≈≈≈.# ##≈≈≈≈≈≈≈#
##### ≈≈≈≈≈≈≈≈≈# #....
≈≈#####≈≈## #.#.# ≈
#...'≈..# ###..#(
#.>.#≈..# ##...#.#
#.@.#≈..# ##.##(#.# #≈
≈≈≈≈≈≈≈#...#≈≈.###.###..#.
#≈≈ ≈≈≈≈≈≈#####≈......#
#.#.# #≈#
#≈≈≈≈≈≈≈≈≈≈≈≈#.##.###....
#≈+
+≈≈##≈≈###≈≈.#.###.##....
#≈#++#≈≈##≈≈#>#≈≈.#.#
##......
#≈≈≈≈≈≈≈≈≈≈≈#.#≈≈.#.#
##.##.#
#≈≈≈≈≈≈≈≈≈≈≈#'#≈.≈#.#
#.##..
#≈≈≈≈≈≈≈≈≈≈≈≈≈≈..##.#
#.###.


There were no monsters in sight!

Vanquished Creatures
  An adder (D:2)
  A worm (D:2)
  2 endoplasms (D:1)
  A giant cockroach (D:1)
  3 goblins
  6 hobgoblins
  4 jackals (D:1)
  3 kobolds
  2 quokkas (D:1)
  5 ball pythons
  4 bats (D:1)
  4 rats
36 creatures vanquished.

Vanquished Creatures (others)
  2 plants (D:2)
2 creatures vanquished.

Grand Total: 38 creatures vanquished

Notes
Turn   | Place    | Note
-------+----------+-------------------------------------------
     0 | D:1      | HallandMoats the Demonspawn Fighter began the quest for the
                  | Orb.
     0 | D:1      | Reached XP level 1. HP: 18/18 MP: 1/1
   299 | D:1      | Reached skill level 1 in Invocations
   299 | D:1      | Gained mutation: You have a small tail. [demonic ancestry]
   299 | D:1      | Reached XP level 2. HP: 23/24 MP: 2/2
   856 | D:1      | Reached XP level 3. HP: 27/29 MP: 4/4
  1196 | D:1      | Gained mutation: Your mind is acute. (Int +2) [potion of
                  | mutation]
  1832 | D:2      | Found a faded altar of an unknown god.
  1839 | D:2      | Prayed at the altar of an unknown god.
  1839 | D:2      | Became a worshipper of Nemelex Xobeh the Trickster
  1839 | D:2      | Reached * piety under Nemelex Xobeh
  1933 | D:$      | Got out of the dungeon alive.

Illustrated notes

Levels and vault maps discovered:
D:1:      minmay_arrival_floating_metal, layout_loops_ring, st_stairs_10,
          minivault_11, minmay_small_reverse_x
D:2:      layout_loops_corners, dreamdust_ecumenical_altar_angels_and_demons,
          serial_bayou, serial_bayou_pond_a, serial_bayou_lagoon_b,
          serial_bayou_shore_a, serial_bayou_pond_e, minmay_misc_feat_square

Skill      XL: |  1  2 |
---------------+-------+-----
Invocations    | 1 |  1.9
Axes           | 2 |  2.3
Fighting       | |  3.4
Armour         | |  2.8
Dodging        | |  0.5
Shields        | |  2.8

Action                   || total
-------------------------++-------
Melee: War axe           ||    88
       Tailslap          ||     5
  Use: Scroll            ||     2
       Potion            ||     2
Armor: Scale mail        ||    55
Dodge: Dodged            ||    42
Block: Buckler           ||    24

Table legend: (Time is in decaauts)
 A = Elapsed time spent in this place.
 B = Non-inter-level travel time spent in this place.
 C = Inter-level travel time spent in this place.
 D = Time resting spent in this place.
 E = Time spent auto-exploring this place.
 F = Levels seen in this place.
 G = Mean time per level.
                   A        B        C        D        E       F      G
               +--------+--------+--------+--------+--------+-----+--------+
         Total |   2015 |   1880 |    135 |     26 |   1585 |   2 | 1007.5 |
       Dungeon |   2015 |   1880 |    135 |     26 |   1585 |   2 | 1007.5 |
               +--------+--------+--------+--------+--------+-----+--------+

Top non-repeatable levels by time:
     D:1: 1324 daAuts
     D:2: 691 daAuts
